 Dungeon Crawl Stone Soup version 0.32-a0-928-g1cae6b7ea0 (webtiles) character file.

Game seed: 13761230367520484891

111 croobank the Caller (level 4, 0/27 HPs)
             Began as an Octopode Summoner on Apr 12, 2024.
             Incinerated by a bombardier beetle (5 damage)
             ... with a burning spray
             ... on level 3 of the Dungeon.
             The game lasted 00:04:34 (2325 turns).

croobank the Caller (Octopode Summoner)             Turns: 2325, Time: 00:04:34

Health: 0/27       AC:  1    Str:  7    XL:     4   Next: 92%
Magic:  8/8        EV: 12    Int: 19    God:
Gold:   107        SH:  0    Dex: 12    Spells: 2/8 levels left

rFire   . . .        m - +2 spear (venom)
rCold   . . .        (no shield)
rNeg    . . .        (helmet restricted)
rPois   .            (no amulet)
rElec   .            (no ring)
rCorr   .            (no ring)
SInv    .            (no ring)
Will    .....        (no ring)
Stlth   ++           (no ring)
HPRegen 0.24/turn    (no ring)
MPRegen 0.11/turn    (no ring)
                     (no ring)

%: no passive effects
@: on fire, glowing
A: almost no armour, amphibious, 8 rings, camouflage 1, gelatinous body 1,
(nimble swimmer 1), tentacles
a: no special abilities


You were on level 3 of the Dungeon.
You visited 1 branch of the dungeon, and saw 3 of its levels.

You collected 107 gold pieces.

Inventory:

Hand Weapons
 c - a +0 short sword
 f - a +0 dagger
 m - a +2 spear of venom (weapon)
Armour
 l - an orb of light
Scrolls
 b - 4 scrolls of teleportation {unknown}
 d - 2 scrolls of identify {unknown}
 e - 2 scrolls of noise {unknown}
 h - a scroll of vulnerability {unknown}
 j - a scroll of blinking {unknown}
 k - a scroll of fog {unknown}
Potions
 a - a potion of magic
 g - a potion of invisibility {unknown}
 i - a potion of degeneration {unknown}
 n - a potion of mutation {unknown}
 o - a potion of heal wounds {unknown}


   Skills:
 + Level 2.9 Dodging
 + Level 4.2 Stealth
 + Level 2.8 Spellcasting
 + Level 4.5 Summonings


You had 2 spell levels left.
You knew the following spells:

 Your Spells              Type           Power      Damage    Failure   Level
a - Summon Small Mammal   Summ           80%        N/A       2%          1
b - Call Imp              Summ           40%        N/A       3%          2
c - Call Canine Familiar  Summ           20%        N/A       7%          3

Your spell library contained the following spells:

 Spells                   Type           Power      Damage    Failure   Level
 Sandblast                Erth           4%         2d4       16%         1
 Sigil of Binding         Hex            2%         N/A       43%         3
 Stone Arrow              Conj/Erth      4%         3d7       43%         3
 Summon Blazeheart Golem  Fire/Summ      11%        N/A       52%         4
 Summon Lightning Spire   Summ/Air       11%        N/A       52%         4
 Brom's Barrelling Bould  Conj/Erth      2%         2d3       83%         4
 Dimensional Bullseye     Hex/Tloc       1%         N/A       83%         4


Dungeon Overview and Level Annotations

Branches:
Dungeon (3/15)

Altars:


Innate Abilities, Weirdness & Mutations

You cannot wear most types of armour.
You are amphibious.
You can wear up to eight rings at the same time.
Your skin changes colour to match your surroundings (Stealth+).
Your rubbery body absorbs attacks. (AC +1, EV +1)
((You are camouflaged when in or above water. (Stealth+)))
You have tentacles for arms and can constrict up to eight enemies at once.


Message History

Press: ? - help, Dir - move target, f - bombardier beetle
Aim: a bombardier beetle (about 28% to evade your +2 spear of venom)
You reach to attack!
You barely miss the bombardier beetle.
Reach: m) +2 spear (venom)
Press: ? - help, Dir - move target, f/p - bombardier beetle
Aim: a bombardier beetle (about 28% to evade your +2 spear of venom)
You reach to attack!
You hit the bombardier beetle but do no damage.
The bombardier beetle is poisoned.
The bombardier beetle sprays incendiary fluid at you.
The burning spray hits you.
You are covered in liquid fire!
Reach: m) +2 spear (venom)
Press: ? - help, Dir - move target, f/p - bombardier beetle
Aim: a bombardier beetle (lightly wounded, very poisoned, about 28% to evade your +2 spear of venom)
You reach to attack!
You barely miss the bombardier beetle.
The bombardier beetle is lightly wounded.
The liquid fire burns you!
The bombardier beetle sprays incendiary fluid at you.
The burning spray hits you.
You are even more covered in liquid fire!
Reach: m) +2 spear (venom)
Press: ? - help, Dir - move target, f/p - bombardier beetle
Aim: a bombardier beetle (lightly wounded, very poisoned, about 28% to evade your +2 spear of venom)
You reach to attack!
You hit the bombardier beetle.
The bombardier beetle looks as sick as possible!
The bombardier beetle is heavily wounded.
The liquid fire burns you!
You shake off some of the fire as you move.
The liquid fire burns you!
You kill the bombardier beetle!
Your Stealth skill increases to level 4!
You shake off some of the fire as you move.
The liquid fire burns you!
You shake off some of the fire as you move.
The liquid fire burns you!
* * * LOW HITPOINT WARNING * * *
You shake off some of the fire as you move.
The liquid fire burns you!
You die...

#.########
#.<.......
#..######.
#..# #..#
##..#
#...######.#.
#.#..!.......
#@..######.#.
###.# #.# #.#
#.# #.. ...
#.


There were no monsters in sight!

Vanquished Creatures
  A bombardier beetle (D:3)
  An adder (D:2)
  A ribbon worm (D:2)
  2 ball pythons
  A bat (D:1)
  An endoplasm (D:1)
  A giant cockroach (D:2)
  5 hobgoblins
  A jackal (D:1)
  2 kobolds (D:1)
  3 quokkas
  A frilled lizard (D:1)
  4 goblins
  A rat (D:1)
25 creatures vanquished.

Vanquished Creatures (collateral kills)
  2 adders (D:2)
  2 dart slugs
  5 endoplasms
  2 goblins
  A hobgoblin (D:1)
  A jackal (D:1)
  A kobold (D:1)
  A rat (D:1)
15 creatures vanquished.

Grand Total: 40 creatures vanquished

Notes
Turn   | Place    | Note
-------+----------+-------------------------------------------
     0 | D:1      | croobank the Octopode Summoner began the quest for the Orb.
     0 | D:1      | Reached XP level 1. HP: 11/11 MP: 3/3
   335 | D:1      | Reached XP level 2. HP: 17/17 MP: 1/5
   338 | D:1      | Learned a level 2 spell: Call Imp
   687 | D:1      | Found a faded altar of an unknown god.
   916 | D:1      | Reached XP level 3. HP: 13/21 MP: 3/6
  1349 | D:2      | Learned a level 3 spell: Call Canine Familiar
  1545 | D:2      | Reached XP level 4. HP: 27/27 MP: 3/7
  2325 | D:3      | Incinerated by a bombardier beetle

Illustrated notes

Levels and vault maps discovered:
D:1:      psy_arrival_fountain, layout_loops_corners,
          chequers_ecumenical_altar_grove
D:2:      layout_loops_corners, nicolae_figureground_sparkle
D:3:      layout_loops_ring, nicolae_qazlal_beasts_of_the_sky, uniq_terence

Skill      XL: |  1  2  3  4 |
---------------+-------------+-----
Stealth        | 3 4 |  4.2
Dodging        | |  2.9
Spellcasting   | |  2.8
Summonings     | |  4.5

Action                     |  1- 3 |  4- 6 || total
---------------------------+-------+-------++-------
  Melee: Short sword       |    36 |     3 ||    39
         Constrict         |    11 |     5 ||    16
         Tentacles         |     7 |     2 ||     9
         Spear             |       |    12 ||    12
   Cast: Summon Small Mamm |    23 |     1 ||    24
         Call Imp          |    10 |     1 ||    11
         Call Canine Famil |       |     1 ||     1
   Stab: Sleeping          |     7 |     1 ||     8
 Armour: Skin              |    15 |     3 ||    18
  Dodge: Dodged            |    17 |     6 ||    23

Table legend: (Time is in decaauts)
 A = Elapsed time spent in this place.
 B = Non-inter-level travel time spent in this place.
 C = Inter-level travel time spent in this place.
 D = Time resting spent in this place.
 E = Time spent auto-exploring this place.
 F = Levels seen in this place.
 G = Mean time per level.
                   A        B        C        D        E       F      G
               +--------+--------+--------+--------+--------+-----+--------+
         Total |   2324 |   2285 |     39 |     19 |   1910 |   3 |  774.7 |
       Dungeon |   2324 |   2285 |     39 |     19 |   1910 |   3 |  774.7 |
               +--------+--------+--------+--------+--------+-----+--------+

Top non-repeatable levels by time:
     D:1: 1156 daAuts
     D:2: 1148 daAuts
     D:3: 20 daAuts
